 Dungeon Crawl Stone Soup version 0.29-a0-371-g91724d5b39 (webtiles) character file.

Game seed: 4389610975664710033

242 Jox the Ruffian (level 5, 0/53 HPs)
             Began as a Troll Berserker on May 3, 2022.
             Was a Believer of Trog.
             Slain by an iguana (6 damage)
             ... on level 4 of the Dungeon.
             The game lasted 00:36:18 (2588 turns).

Jox the Ruffian (Troll Berserker)                   Turns: 2588, Time: 00:36:18

Health: 0/53       AC:  5    Str: 25    XL:     5   Next: 82%
Magic:  4/4        EV: 10    Int:  3    God:    Trog [**....]
Gold:   173        SH:  0    Dex: 11    Spells: 4/4 levels left

rFire   . . .      SeeInvis .   m - +0 war axe
rCold   . . .      Faith    .   (no shield)
rNeg    . . .      Spirit   .   n - +0 robe
rPois   .          Reflect  .   (helmet restricted)
rElec   .          Harm     .   b - +0 cloak
rCorr   .          Rampage  .   (gloves unavailable)
Will    .....                   (boots unavailable)
Stlth   +.........              c - amulet of magic regeneration
HPRegen 0.97/turn               (no ring)
MPRegen 0.49/turn               (no ring)

@: on berserk cooldown
A: large, unfitting armour, claws 3, regeneration 1, shaggy fur 1, tough skin 1
a: Renounce Religion, Berserk, Trog's Hand


You were on level 4 of the Dungeon.
You worshipped Trog.
Trog was pleased with you.
You visited 1 branch of the dungeon, and saw 4 of its levels.

You collected 173 gold pieces.

Inventory:

Hand Weapons
 a - a +0 shortbow
 f - a +2 hunting sling of freezing
 j - a +0 dagger of venom
 m - a +0 war axe (weapon)
 o - a +3 spectral club
 r - a +0 flail
Missiles
 g - 71 stones
 i - 4 boomerangs
Armour
 b - a +0 cloak (worn)
 n - a +0 robe (worn)
Jewellery
 c - an amulet of magic regeneration (around neck)
Wands
 d - a wand of iceblast (4)
Scrolls
 e - a scroll of fear
 t - 2 scrolls of teleportation
Potions
 l - 2 potions of might {unknown}
 q - a potion of resistance {unknown}


   Skills:
 + Level 3.3 Fighting
 + Level 1.0 Short Blades
 + Level 2.5 Axes
 + Level 3.3 Dodging
 + Level 0.1 Stealth
 + Level 3.6 Unarmed Combat


You had 4 spell levels left.
You didn't know any spells.
Your spell library contained the following spells:

 Spells                   Type           Power      Damage    Failure   Level
 Static Discharge         Conj/Air       0%         N/A       67%         2
 Lightning Bolt           Conj/Air       0%         1d11      100%        5
 Maxwell's Capacitive Co  Air            0%         ∞         100%        8


Dungeon Overview and Level Annotations

Branches:
Dungeon (4/15)
 Temple: D:4-7

Altars:

Annotations:
D:4 Eustachio


Innate Abilities, Weirdness & Mutations

You are too large for most types of armour.
You have claws for hands.
Your natural rate of healing is unusually fast.
You are covered in fur. (AC +1)
You have tough skin. (AC +1)


Message History

You hit the iguana.
The iguana is heavily wounded.
The white imp disappears in a puff of smoke!
The iguana misses you.
Eustachio casts a spell.
Eustachio blinks!
The iguana completely misses you.
You closely miss the iguana.
The iguana is heavily wounded.
The shadow imp disappears in a puff of smoke!
The white imp disappears in a puff of smoke!
The iguana bites you. The iguana barely misses you.
Eustachio casts a spell.
You closely miss the iguana.
The iguana is heavily wounded.
The iguana bites you. The iguana closely misses you.
You hit the iguana but do no damage.
The iguana is heavily wounded.
The iguana bites you. x2
Eustachio mumbles some strange words.
Eustachio blinks!
You closely miss the iguana.
The iguana is heavily wounded.
The iguana closely misses you. The iguana bites you.
You barely miss the iguana.
The iguana is heavily wounded.
The iguana hisses menacingly.
The iguana bites you. The iguana misses you.
You barely miss the iguana.
The iguana is heavily wounded.
The iguana bites you but does no damage.
The iguana bites you!
* * * LOW HITPOINT WARNING * * *
Eustachio casts a spell.
Eustachio blinks!
The iguana bites you!
* * * LOW HITPOINT WARNING * * *
You hit the iguana but do no damage.
The iguana is heavily wounded.
You feel yourself speed up. The iguana bites you.
You die...

#..........#### .
#.............. ..
...#...........### ...
..g.§............##....
...#§§.r)§§...##..#....
####)###....##....# #b#
#..#.....#.###
..####l###..........$.
........@..........#.###
..#####.###.#.†##......#
#.# #.#.......##. #.#
#.#.......## #.#
#.#.#......# #.#
..#<#....#...#
.............##...#
........#....# ...#
........###### ..#


You could see an iguana, a quokka (summoned) and a bat (summoned).

Vanquished Creatures
  A hound (D:4)
  Jessica (D:2)
  2 iguanas (D:4)
  Ijyb (D:3)
  Robin (D:4)
  2 adders
  2 worms
  2 dart slugs
  5 bats
  7 endoplasms
  3 giant cockroaches
  12 goblins
  9 hobgoblins
  3 quokkas (D:1)
  5 ball pythons
  4 frilled lizards
  8 kobolds
  4 rats
72 creatures vanquished.

Vanquished Creatures (others)
  A hobgoblin (D:3)
  A fungus (D:2)
  A plant (D:2)
3 creatures vanquished.

Grand Total: 75 creatures vanquished

Notes
Turn   | Place    | Note
-------+----------+-------------------------------------------
     0 | D:1      | Jox the Troll Berserker began the quest for the Orb.
     0 | D:1      | Reached XP level 1. HP: 22/22 MP: 0/0
     6 | D:1      | Noticed a black bear
     6 | D:1      | Noticed a killer bee
     6 | D:1      | Noticed a wyvern
     7 | D:1      | Noticed a wolf
   337 | D:1      | Reached XP level 2. HP: 27/27 MP: 1/1
   671 | D:1      | Reached XP level 3. HP: 32/36 MP: 2/2
  1428 | D:2      | Noticed Jessica
  1433 | D:2      | Killed Jessica
  1441 | D:2      | Reached ** piety under Trog
  1702 | D:2      | Reached XP level 4. HP: 34/45 MP: 3/3
  1744 | D:2      | Found a faded altar of an unknown god.
  2004 | D:3      | Reached skill level 1 in Short Blades
  2150 | D:3      | Noticed Ijyb
  2171 | D:3      | Killed Ijyb
  2172 | D:3      | Reached skill level 1 in Axes
  2493 | D:4      | Reached XP level 5. HP: 39/53 MP: 4/4
  2535 | D:4      | Noticed Robin
  2553 | D:4      | Noticed Eustachio
  2565 | D:4      | Killed Robin
  2586 | D:4      | HP: 2/53 [iguana (11)]
  2588 | D:4      | Slain by an iguana

Illustrated notes

Levels and vault maps discovered:
D:1:      onia_arrival_zoo_common, layout_basic, due_unseen_surprise
D:2:      layout_rooms, shapermc_ecumenical_altar_mp_ritualfount,
          dk_noncrumbling_4, fountainhead, minmay_pentomino_z4, uniq_jessica
D:3:      layout_rooms, uniq_ijyb
D:4:      layout_rooms, uniq_eustachio, uniq_robin

Skill      XL: |  1  2  3  4  5 |
---------------+----------------+-----
Fighting       | 3 |  3.3
Dodging        | 3 |  3.3
Short Blades   | 1 |  1.0
Axes           | 1 2 |  2.5
Stealth        | |  0.1
Unarmed Combat | |  3.6

Action                   |  1- 3 |  4- 6 || total
-------------------------+-------+-------++-------
Melee: Unarmed           |    26 |       ||    26
       Dagger            |    98 |       ||    98
       Punch             |     3 |     3 ||     6
       War axe           |    21 |   131 ||   152
Invok: Berserk           |       |     1 ||     1
       Trog's Hand       |       |     1 ||     1
  Use: Scroll            |     4 |     5 ||     9
       Potion            |       |     3 ||     3
Armor: Animal skin       |     6 |       ||     6
       Robe              |    41 |    49 ||    90
Dodge: Dodged            |    72 |    96 ||   168

Table legend: (Time is in decaauts)
 A = Elapsed time spent in this place.
 B = Non-inter-level travel time spent in this place.
 C = Inter-level travel time spent in this place.
 D = Time resting spent in this place.
 E = Time spent auto-exploring this place.
 F = Levels seen in this place.
 G = Mean time per level.
                   A        B        C        D        E       F      G
               +--------+--------+--------+--------+--------+-----+--------+
         Total |   2656 |   2476 |    180 |      0 |   1141 |   4 |  664.0 |
       Dungeon |   2656 |   2476 |    180 |      0 |   1141 |   4 |  664.0 |
               +--------+--------+--------+--------+--------+-----+--------+

Top non-repeatable levels by time:
     D:1: 1256 daAuts
     D:2: 692 daAuts
     D:3: 573 daAuts
     D:4: 134 daAuts
